 Dungeon Crawl Stone Soup version 0.31.0-11-ge490571c62 (webtiles) character file.

Game seed: 8897328508452684868

182321 monsoonserge the Luminary of Lethal Lore (level 17, -57/133 HPs)
             Began as a Gnoll Fire Elementalist on Jan 29, 2024.
             Was the Champion of Vehumet.
             Killed from afar by Mara (illusionary) (64 damage)
             ... with a bolt of fire
             ... on level 3 of the Spider Nest.
             The game lasted 03:42:12 (30802 turns).

monsoonserge the Luminary of Lethal Lore (GnFE)    Turns: 30802, Time: 03:42:12

Health: -57/133    AC: 17    Str:  9    XL:     17   Next: 74%
Magic:  0/34       EV: 25    Int: 23    God:    Vehumet [******]
Gold:   3682       SH:  0    Dex: 27    Spells: 5/42 levels left

rFire   . . .        V - +8 longbow "Newtslayer" {speed, rPois rF- Dex+7 SInv}
rCold   + . .        (shield currently unavailable)
rNeg    . . .        g - +2 robe {rC+ rF+}
rPois   +            B - +2 helmet
rElec   +            A - +0 cloak {Will+}
rCorr   +            c - +2 pair of gloves of the Blind Marksman {Will++ Slay+5 Stlth-}
SInv    +            j - +2 pair of boots
Will    ++++.        l - amulet "Myomigaz" {Spirit rElec rCorr Int+3}
Stlth   ++++++       r - ring of Erhod {Slay+4 Stlth+}
HPRegen 0.42/turn    i - +6 ring of dexterity
MPRegen 0.24/turn

%: guardian spirit
@: lethally poisoned (-57 -> -73), about to teleport
A: fangs 1, strong nose, distributed training
}: 1/15 runes: gossamer
a: Renounce Religion


You were on level 3 of the Spider Nest.
You worshipped Vehumet.
Vehumet was exalted by your worship.
You visited 5 branches of the dungeon, and saw 27 of its levels.
You also visited: Gauntlet and Ice Cave.

You collected 4471 gold pieces.
You spent 789 gold pieces at shops.

Inventory:

Hand Weapons
 V - the +8 longbow "Newtslayer" (weapon) {speed, rPois rF- Dex+7 SInv}
   (You acquired it on level 5 of the Lair of Beasts)

   Dex+7:     It affects your dexterity (+7).
   rF-:       It makes you vulnerable to fire.
   rPois:     It protects you from poison SInv: It lets you see invisible.
Missiles
 t - 7 atropa-tipped darts
 F - 8 throwing nets
 G - 7 darts of dispersal
 X - 10 silver javelins
Armour
 c - the +2 pair of gloves of the Blind Marksman (worn) {Will++ Slay+5 Stlth-}
   (You acquired it on level 5 of the Lair of Beasts)

   Slay+5:    It affects your accuracy & damage with ranged weapons and melee
   (+5).
   Will++:    It greatly increases your willpower.
   Stlth-:    It makes you less stealthy.
 g - a +2 robe of resistance (worn)
 j - a +2 pair of boots (worn)
 x - a scarf of repulsion
 A - a +0 cloak of willpower (worn)
 B - a +2 helmet (worn)
Jewellery
 i - a +6 ring of dexterity (right hand)
 l - the amulet "Myomigaz" (around neck) {Spirit rElec rCorr Int+3}
   (You found it on level 1 of the Orcish Mines)

   [amulet of guardian spirit]

   Spirit:    It causes incoming damage to be divided between your reserves of
   health and magic.
   Int+3:     It affects your intelligence (+3).
   rElec:     It insulates you from electricity.
   rCorr:     It protects you from acid and corrosion.
 r - the ring of Erhod (left hand) {Slay+4 Stlth+}
   (You found it in a Gauntlet)

   [ring of slaying]

   Slay+4:    It affects your accuracy & damage with ranged weapons and melee
   (+4).
   Stlth+:    It makes you more stealthy.
 Q - a ring of positive energy
 T - a ring of protection from fire
Wands
 a - a wand of digging (9)
 p - a wand of charming (30)
 w - a wand of light (3)
 y - a wand of flame (69)
 H - a wand of iceblast (3)
 I - a wand of mindburst (27)
Scrolls
 d - 4 scrolls of enchant weapon
 e - 4 scrolls of fear
 h - a scroll of torment
 q - 4 scrolls of enchant armour
 s - 4 scrolls of amnesia
 z - 7 scrolls of revelation {unknown}
 E - a scroll of vulnerability
 J - 5 scrolls of teleportation
 M - 4 scrolls of immolation
 N - a scroll of noise {unknown}
 O - 3 scrolls of summoning
 P - a scroll of blinking
 R - a scroll of poison {unknown}
 S - 2 scrolls of fog
 U - a scroll of brand weapon
Potions
 b - 3 potions of magic
 f - 5 potions of lignification
 k - a potion of cancellation
 m - 3 potions of invisibility
 n - 5 potions of heal wounds
 o - 5 potions of ambrosia
 u - 3 potions of mutation
 v - 2 potions of resistance
 C - 2 potions of brilliance
 D - a potion of haste
 L - 6 potions of curing
Miscellaneous
 W - a phial of floods
 Y - a tin of tremorstones (inert)
 Z - a box of beasts (inert)


   Skills:
 + Level 12.3 Fighting
 + Level 12.3 Short Blades
 + Level 12.3 Long Blades
 + Level 12.3 Axes
 + Level 12.3 Maces & Flails
 + Level 12.3 Polearms
 + Level 12.3 Staves
 + Level 12.3 Ranged Weapons
 + Level 12.3 Throwing
 + Level 12.3 Armour
 + Level 13.1 Dodging
 + Level 12.9 Stealth
 + Level 12.3 Shields
 + Level 12.3 Unarmed Combat
 + Level 13.2 Spellcasting
 + Level 10.6 Conjurations
 + Level 10.4 Hexes
 + Level 10.4 Summonings
 + Level 10.4 Necromancy
 + Level 10.4 Translocations
 + Level 11.7 Fire Magic
 + Level 10.4 Ice Magic
 + Level 10.4 Air Magic
 + Level 10.4 Earth Magic
 + Level 10.4 Alchemy
 + Level 13.3 Invocations
 + Level 12.3 Evocations
 + Level 11.3 Shapeshifting


You had 5 spell levels left.
You knew the following spells:

 Your Spells              Type           Power      Damage    Failure   Level
a - Foxfire               Conj/Fire      100%       2x1d9     1%          1
b - Scorch                Fire           100%       2d9       1%          2
c - Inner Flame           Hex/Fire       60%        N/A       1%          3
d - Summon Blazeheart Go  Fire/Summ      60%        N/A       1%          4
e - Iskenderun's Mystic   Conj/Tloc      59%        2d12      1%          4
f - Olgreb's Toxic Radia  Alch           58%        N/A       1%          4
g - Arcjolt               Conj/Air       29%        1d39      1%          5
h - Bombard               Conj/Erth      29%        9d5       2%          6
i - Cause Fear            Hex            29%        N/A       1%          4
j - Dimensional Bullseye  Hex/Tloc       29%        N/A       1%          4

Your spell library contained the following spells:

 Spells                   Type           Power      Damage    Failure   Level
 Plasma Beam              Fire/Air       30%        2x1d43    1%          6
 Freeze                   Ice            100%       1d10      1%          1
 Kiss of Death            Conj/Necr      100%       2d13      1%          1
 Necrotise                Necr           100%       1d9       1%          1
 Slow                     Hex            100%       N/A       1%          1
 Sting                    Conj/Alch      100%       1d9       1%          1
 Summon Small Mammal      Summ           100%       N/A       1%          1
 Ensorcelled Hibernation  Hex/Ice        100%       N/A       1%          2
 Lesser Beckoning         Tloc           100%       N/A       1%          2
 Mercury Vapours          Alch/Air       100%       N/A       1%          2
 Call Canine Familiar     Summ           58%        N/A       1%          3
 Confusing Touch          Hex            58%        N/A       1%          3
 Frozen Ramparts          Ice            100%       1d16      1%          3
 Gell's Gravitas          Tloc           58%        N/A       1%          3
 Hailstorm                Conj/Ice       59%        3d11      1%          3
 Passwall                 Erth           58%        N/A       1%          3
 Sigil of Binding         Hex            58%        N/A       1%          3
 Summon Ice Beast         Ice/Summ       58%        N/A       1%          3
 Swiftness                Air            58%        N/A       1%          3
 Teleport Other           Tloc           58%        N/A       1%          3
 Vampiric Draining        Necr           58%        2d10      1%          3
 Volatile Blastmotes      Fire/Tloc      100%       2d18      1%          3
 Anguish                  Hex/Necr       29%        N/A       1%          4
 Animate Dead             Necr           58%        N/A       1%          4
 Dispel Undead            Necr           58%        3d21      1%          4
 Flame Wave               Conj/Fire      61%        2d14      1%          4
 Martyr's Knell           Necr/Summ      58%        N/A       1%          4
 Vhi's Electric Charge    Tloc/Air       100%       N/A       1%          4
 Curse of Agony           Necr           58%        N/A       1%          5
 Sculpt Simulacrum        Ice/Alch       29%        N/A       9%          6
 Enfeeble                 Hex            29%        N/A       43%         7
 Haunt                    Necr/Summ      29%        N/A       43%         7
 Maxwell's Capacitive Co  Air            29%        ∞         65%         8
 Infestation              Necr           29%        N/A       98%         8


Dungeon Overview and Level Annotations

Branches:
Dungeon (15/15)            Temple (1/1) D:5            Lair (5/5) D:9
 Shoals (0/4) Lair:2       Spider (4/4) Lair:2        Slime (0/5) Lair:5
    Orc (2/2) D:10            Elf (0/3) Orc:2        Vaults (0/5) D:13
 Depths (0/4) D:15          IceCv (visited)         Gauntlet (visited)

Altars:
Ashenzari
Cheibriados
Dithmenos
Elyvilon
Fedhas
Gozag
Hepliaklqana
Kikubaaqudgha
Makhleb
Nemelex Xobeh
Okawaru
Qazlal
Ru
Sif Muna
Trog
Uskayaw
Vehumet
Wu Jian
Xom
Yredelemnul
Zin
The Shining One
Jiyva

Shops:
D:1 ?   D:4 *[   D:6 =[(!   D:9 ?   Orc:2 =*:!

Annotations:
D:15 3 runed translucent doors, TheRegalBeagle's ghost, journeyman DsFi
Spider:3 Mara


Innate Abilities, Weirdness & Mutations

You have very sharp teeth.
Your uncanny sense of smell can sniff out nearby items.
Your experience applies equally to all skills.


Message History

You shoot an arrow. The arrow hits Mara.
Mara is severely wounded.
You feel sick.
* * * LOW HITPOINT WARNING * * *
You are more poisoned.
Monsoonserge's illusion hits you!
* * * LOW HITPOINT WARNING * * *
Unknown command.
Fire: V) +8 longbow "Newtslayer" {speed, rPois rF- Dex+7 SInv}
Press: ? - help, Q - select action, (/) - cycle Shift-Dir - straight line, f/p - Mara
Aim: Mara, wielding a +3 demon trident of flaming and wearing a +0 robe (severely wounded, 74% to hit)
You shoot an arrow. The arrow hits Mara!!
Mara is almost dead.
You feel sick.
You are more poisoned.
Monsoonserge's illusion completely misses you.
Fire: V) +8 longbow "Newtslayer" {speed, rPois rF- Dex+7 SInv}
Press: ? - help, Q - select action, (/) - cycle Shift-Dir - straight line, f/p - Mara
Aim: Mara, wielding a +3 demon trident of flaming and wearing a +0 robe (almost dead, 74% to hit)
You shoot an arrow. The arrow hits Mara!
Mara is almost dead.
You feel very sick.
You are more poisoned.
Mara completely misses you.
Mara blinks!
Monsoonserge's illusion barely misses you.
Fire: V) +8 longbow "Newtslayer" {speed, rPois rF- Dex+7 SInv}
Press: ? - help, Q - select action, (/) - cycle Shift-Dir - straight line, f/p - Mara
Aim: Mara, wielding a +3 demon trident of flaming and wearing a +0 robe (almost dead, 74% to hit)
You shoot an arrow. The arrow hits Mara.
Mara is almost dead.
You feel very sick.
* * * LOW HITPOINT WARNING * * *
You are lethally poisoned!
Mara gestures at you. The bolt of fire hits you!
* * * LOW HITPOINT WARNING * * *
Mara gestures at you.
The bolt of fire hits your blazeheart golem!
Your blazeheart golem resists.
The bolt of fire hits you!!!
You die...

..............
................
...............
#..............
#..............
##..............
##.....(........^
##...........†.... .
##@................
....##.@.##.............
....RR9.####...##.......
........# #######......
........# #....##
....R..## #######
....... ......# ......


You could see 3 Maras, monsoonserge's illusion (toxic aura) and a friendly
blazeheart golem (summoned, paralysed).

Vanquished Creatures
  A frost giant (D:15)
  2 ghost moths (Spider:4)
  2 emperor scorpions
  2 orc warlords (Orc:1)
  3 spark wasps
  A minotaur (Gauntlet)
  Azrael (D:15)
  Snorg (D:10)
  An entropy weaver (Spider:1)
  Harold (Orc:1)
  7 hydras
  An entropy weaver (shapeshifter) (D:14)
  2 vault guards (D:13)
  2 catoblepae (Lair:4)
  6 centaur warriors
  3 ogre magi
  2 radroaches
  3 ironbound frosthearts
  2 jorogumos
  2 boulder beetles
  9 death yaks
  14 two-headed ogres
  2 demonic crawlers (Spider:4)
  6 tengu warriors
  4 orc high priests (Orc:2)
  Urug (Lair:2)
  3 skysharks (Lair:5)
  4 pharaoh ants
  3 fire crabs (Lair:3)
  Lodul (D:10)
  8 orb spiders
  An arcanist (D:13)
  4 sun moths
  4 steelbarb worms
  3 deep elf pyromancers
  8 orc knights
  A faun (Lair:4)
  4 orc sorcerers
  8 wolf spiders
  7 cyclopes
  9 ugly things
  3 moths of wrath
  14 elephants
  3 meliai (D:14)
  4 kobold blastminers
  7 black mambas
  An ice statue (IceCv)
  7 torpor snails
  2 gargoyles
  14 cane toads
  A kobold demonologist (D:14)
  An unseen horror (D:13)
  Maggie (D:9)
  11 komodo dragons
  A minotaur zombie (Gauntlet)
  6 rime drakes
  3 tengu conjurers
  8 trolls
  14 polar bears
  12 tarantellas
  The ghost of Gadfly the Ducker, an amateur MfMo (D:4)
  9 hornets
  15 blink frogs
  8 dream sheep
  9 slime creatures
  12 culicivoras
  13 jumping spiders
  13 spriggans
  A culicivora (shapeshifter) (D:14)
  3 wraiths
  4 centaur simulacra
  2 humans (D:13)
  3 wyverns
  A water elemental (D:14)
  37 yaks
  7 basilisks
  5 fire elementals
  2 steam dragons
  22 redbacks
  6 wargs
  7 vampire mosquitoes
  A naga (shapeshifter) (D:15)
  2 acid dragons
  13 water moccasins
  4 hell hounds (D:15)
  32 orc warriors
  2 sky beasts (D:7)
  5 black bears
  5 ice beasts
  A meliai simulacrum (Gauntlet)
  The ghost of yentook the Trooper, an amateur DrBe of Trog (D:3)
  20 ogres
  2 boggarts (Lair:5)
  51 wolves
  11 centaurs
  5 laughing skulls
  A phantom (D:6)
  6 scorpions
  A weeping skull (Gauntlet)
  13 bullfrogs
  A necrophage (D:6)
  A cane toad simulacrum (Gauntlet)
  9 wights
  7 killer bees
  An electric eel (Lair:2)
  3 bombardier beetles
  4 bullfrog zombies (D:6)
  A centaur zombie (D:6)
  22 orc priests
  2 hounds
  A human zombie (D:6)
  2 jellies
  2 sleepcaps (D:5)
  4 iguanas
  Ijyb (D:3)
  Natasha (thrice) (D:3)
  24 orc wizards
  A killer bee zombie (D:6)
  2 mummies (D:6)
  2 howler monkey zombies (D:6)
  6 gnolls
  8 adders
  A white imp (D:7)
  2 ufetubi (D:5)
  2 ribbon worms
  7 dart slugs
  81 orcs
  8 ball pythons
  6 bats
  5 endoplasms
  2 giant cockroaches
  8 goblins
  7 hobgoblins
  6 jackals
  A quokka (D:2)
  3 frilled lizards
  9 kobolds
  7 rats
  A butterfly (Lair:2)
  A foxfire (Lair:3)
882 creatures vanquished.

Vanquished Creatures (collateral kills)
  An entropy weaver (Spider:4)
  A death yak (IceCv)
  An ugly thing (D:14)
  An elephant (Lair:2)
  A slime creature (Gauntlet)
  A black mamba (Lair:1)
  A komodo dragon (Lair:4)
  A hornet (Lair:5)
  2 jumping spiders
  A yak (D:9)
  2 spriggans (Lair:5)
  A water moccasin (Lair:5)
  A laughing skull (Gauntlet)
  A black bear (Lair:5)
  A wolf (D:9)
  A boggart (Lair:5)
  A centaur (D:13)
  An orc priest (D:9)
  3 foxfires
23 creatures vanquished.

Vanquished Creatures (others)
  An orc wizard (D:15)
  35 blazeheart cores
  804 foxfires
840 creatures vanquished.

Grand Total: 1745 creatures vanquished

Notes
Turn   | Place    | Note
-------+----------+-------------------------------------------
     0 | D:1      | monsoonserge the Gnoll Fire Elementalist began the quest
                  | for the Orb.
     0 | D:1      | Reached XP level 1. HP: 13/13 MP: 6/6
    95 | D:1      | Reached XP level 2. HP: 20/20 MP: 0/7
   308 | D:1      | Learned a level 2 spell: Scorch
   536 | D:1      | Reached skill level 5 in Spellcasting
   536 | D:1      | Reached XP level 3. HP: 25/25 MP: 4/9
   666 | D:1      | Found Etaes's Magic Scroll Boutique.
   679 | D:1      | Bought a scroll of teleportation for 30 gold pieces
  1072 | D:2      | Reached skill level 1 in Invocations
  1075 | D:2      | Reached skill level 1 in Fighting
  1075 | D:2      | Reached skill level 1 in Short Blades
  1075 | D:2      | Reached skill level 1 in Long Blades
  1075 | D:2      | Reached skill level 1 in Axes
  1075 | D:2      | Reached skill level 1 in Maces & Flails
  1075 | D:2      | Reached skill level 1 in Polearms
  1075 | D:2      | Reached skill level 1 in Staves
  1075 | D:2      | Reached skill level 1 in Ranged Weapons
  1075 | D:2      | Reached skill level 1 in Throwing
  1075 | D:2      | Reached skill level 1 in Armour
  1075 | D:2      | Reached skill level 1 in Shields
  1075 | D:2      | Reached skill level 1 in Unarmed Combat
  1075 | D:2      | Reached skill level 1 in Evocations
  1187 | D:2      | Learned a level 3 spell: Inner Flame
  1214 | D:2      | Found a glowing golden altar of the Shining One.
  1226 | D:2      | Reached skill level 1 in Shapeshifting
  1226 | D:2      | Reached XP level 4. HP: 32/32 MP: 3/11
  1507 | D:2      | Found a faded altar of an unknown god.
  2023 | D:3      | Found a large runed translucent door.
  2023 | D:3      | Found a large runed translucent door.
  2039 | D:3      | Noticed yentook's ghost (amateur DrBe)
  2163 | D:3      | Noticed Natasha
  2171 | D:3      | Killed Natasha
  2172 | D:3      | Reached skill level 1 in Hexes
  2172 | D:3      | Reached skill level 1 in Summonings
  2172 | D:3      | Reached skill level 1 in Necromancy
  2172 | D:3      | Reached skill level 1 in Translocations
  2172 | D:3      | Reached skill level 1 in Ice Magic
  2172 | D:3      | Reached skill level 1 in Air Magic
  2172 | D:3      | Reached skill level 1 in Earth Magic
  2172 | D:3      | Reached skill level 1 in Alchemy
  2412 | D:3      | Noticed Natasha
  2415 | D:3      | Killed Natasha
  2416 | D:3      | Reached XP level 5. HP: 37/37 MP: 1/12
  2567 | D:3      | Noticed Ijyb
  2574 | D:3      | Killed Ijyb
  2676 | D:3      | You fall into a shaft and drop 2 floors!
  2676 | D:5      | Entered Level 5 of the Dungeon
  2690 | D:5      | Found a staircase to the Ecumenical Temple.
  2696 | D:5      | Reached XP level 6. HP: 44/44 MP: 4/14
  2706 | Temple   | Entered the Ecumenical Temple
  2716 | Temple   | Became a worshipper of Vehumet
  2784 | D:5      | Reached skill level 5 in Dodging
  3157 | D:3      | Noticed Natasha
  3161 | D:3      | Killed Natasha
  3162 | D:3      | Reached XP level 7. HP: 51/51 MP: 8/15
  3639 | D:3      | Killed yentook's ghost
  3640 | D:3      | Reached skill level 5 in Stealth
  3756 | D:4      | Found Laerien's Assorted Antiques.
  3762 | D:4      | Identified the +7 hand axe of Epoem {drain, Int+3}
  3775 | D:4      | Bought a scroll labelled UDGHUN GIFOLY for 29 gold pieces
  3775 | D:4      | Bought a scroll labelled FUSOSOLATT for 29 gold pieces
  3808 | D:4      | Reached * piety under Vehumet
  3808 | D:4      | Offered knowledge of Shock by Vehumet.
  4303 | D:4      | Found a hazy altar of Hepliaklqana.
  4456 | D:4      | Reached XP level 8. HP: 58/58 MP: 8/16
  4584 | D:4      | Found Enugirr's Antique Armour Boutique.
  4616 | D:4      | Found a large runed translucent door.
  4616 | D:4      | Found a large runed translucent door.
  4628 | D:4      | Noticed Gadfly's ghost (amateur MfMo)
  4955 | D:5      | Offered knowledge of Kiss of Death by Vehumet.
  4999 | D:5      | Reached ** piety under Vehumet
  5663 | D:6      | Found Zorgheam's Jewellery Boutique.
  5947 | D:6      | Found Qurghu's Weapon Shop.
  5965 | D:6      | Found Duasm's Distillery.
  6097 | D:4      | Bought an encrusted chain mail for 228 gold pieces
  6097 | D:4      | Identified the +5 chain mail of Teagugost {*Slow rF+ rN+
                  | rCorr} (You bought it in a shop on level 4 of the Dungeon)
  6281 | D:6      | Reached XP level 9. HP: 65/65 MP: 13/18
  6457 | D:6      | Found a basalt altar of Yredelemnul.
  6536 | D:6      | Offered knowledge of Dazzling Flash by Vehumet.
  6741 | D:6      | Found an iron altar of Okawaru.
  6998 | D:6      | Found Licweski's Antique Armour Shop.
  7417 | D:7      | Found a shimmering blue altar of Sif Muna.
  7536 | D:7      | Reached skill level 5 in Invocations
  7696 | D:7      | Found a bloodstained altar of Trog.
  7985 | D:7      | Reached *** piety under Vehumet
  8076 | D:7      | Found a glowing golden altar of the Shining One.
  8090 | D:7      | Found a blossoming altar of Fedhas.
  8092 | D:7      | Found a white marble altar of Elyvilon.
  8518 | D:8      | Learned a level 4 spell: Summon Blazeheart Golem
  8539 | D:8      | Reached skill level 5 in Fighting
  8539 | D:8      | Reached skill level 5 in Short Blades
  8539 | D:8      | Reached skill level 5 in Long Blades
  8539 | D:8      | Reached skill level 5 in Axes
  8539 | D:8      | Reached skill level 5 in Maces & Flails
  8539 | D:8      | Reached skill level 5 in Polearms
  8539 | D:8      | Reached skill level 5 in Staves
  8539 | D:8      | Reached skill level 5 in Ranged Weapons
  8539 | D:8      | Reached skill level 5 in Throwing
  8539 | D:8      | Reached skill level 5 in Armour
  8539 | D:8      | Reached skill level 5 in Shields
  8539 | D:8      | Reached skill level 5 in Unarmed Combat
  8539 | D:8      | Reached skill level 5 in Evocations
  8562 | D:8      | Reached XP level 10. HP: 74/74 MP: 14/20
  8636 | D:8      | Noticed a cyclops
  8643 | D:8      | Killed a cyclops
  8647 | D:8      | Noticed a tengu warrior
  8655 | D:8      | Killed a tengu warrior
  8656 | D:8      | Reached skill level 5 in Conjurations
  8874 | D:8      | Noticed a two-headed ogre
  8881 | D:8      | Killed a two-headed ogre
  8882 | D:8      | Reached skill level 5 in Shapeshifting
  8900 | D:8      | Found a broken altar of Ashenzari.
  9200 | D:9      | Noticed Maggie
  9200 | D:9      | Found Hian Noo's Magic Scroll Shoppe.
  9248 | D:6      | Bought a potion of haste for 110 gold pieces
  9248 | D:6      | Bought a potion of curing for 33 gold pieces
  9463 | D:9      | Offered knowledge of Iskenderun's Mystic Blast by Vehumet.
  9469 | D:9      | Learned a level 4 spell: Iskenderun's Mystic Blast
  9477 | D:8      | Learned a level 4 spell: Olgreb's Toxic Radiance
  9724 | D:9      | Found a staircase to the Lair.
  9752 | D:9      | Reached skill level 5 in Hexes
  9752 | D:9      | Reached skill level 5 in Summonings
  9752 | D:9      | Reached skill level 5 in Necromancy
  9752 | D:9      | Reached skill level 5 in Translocations
  9752 | D:9      | Reached skill level 5 in Ice Magic
  9752 | D:9      | Reached skill level 5 in Air Magic
  9752 | D:9      | Reached skill level 5 in Earth Magic
  9752 | D:9      | Reached skill level 5 in Alchemy
  9753 | D:9      | Reached XP level 11. HP: 81/81 MP: 10/22
 10332 | D:9      | Noticed a two-headed ogre
 10339 | D:9      | Killed a two-headed ogre
 10417 | D:9      | Killed Maggie
 10456 | D:9      | Bought a scroll of summoning for 123 gold pieces
 10613 | D:10     | Entered Level 10 of the Dungeon
 10642 | D:10     | Reached **** piety under Vehumet
 10672 | D:10     | Found a staircase to the Orcish Mines.
 10880 | D:10     | Found an ornate altar of the Wu Jian Council.
 11361 | D:10     | Noticed Snorg
 11372 | D:10     | Killed Snorg
 11469 | D:10     | Offered knowledge of Brom's Barrelling Boulder by Vehumet.
 11479 | D:10     | Noticed Lodul
 11490 | D:10     | Killed Lodul
 12002 | D:4      | Killed Gadfly's ghost
 12290 | D:11     | Noticed an ogre mage
 12290 | D:11     | Noticed a two-headed ogre
 12290 | D:11     | Noticed a two-headed ogre
 12290 | D:11     | Noticed a two-headed ogre
 12290 | D:11     | Noticed a two-headed ogre
 12290 | D:11     | Noticed a two-headed ogre
 12290 | D:11     | Noticed a two-headed ogre
 12302 | D:11     | Killed a two-headed ogre
 12303 | D:11     | Reached XP level 12. HP: 91/91 MP: 11/24
 12308 | D:12     | Killed a two-headed ogre
 12684 | D:12     | Noticed a boulder beetle
 12705 | D:11     | Noticed a two-headed ogre
 12781 | D:12     | Killed a boulder beetle
 12934 | D:12     | Killed a two-headed ogre
 13441 | Lair:1   | Entered Level 1 of the Lair of Beasts
 13777 | Lair:1   | Reached ***** piety under Vehumet
 13948 | Lair:1   | Offered knowledge of Arcjolt by Vehumet.
 14871 | Lair:2   | Reached XP level 13. HP: 98/98 MP: 15/26
 15103 | Lair:2   | Learned a level 5 spell: Arcjolt
 15336 | Lair:2   | Found a hole to the Spider Nest.
 15464 | Lair:2   | Found a staircase to the Shoals.
 15627 | Lair:2   | Noticed Urug
 15653 | Lair:2   | Killed Urug
 15727 | Lair:2   | Reached skill level 10 in Spellcasting
 16202 | Lair:3   | Reached skill level 10 in Dodging
 16788 | Lair:3   | Found a transporter.
 16823 | Lair:3   | Found a transporter.
 17026 | Lair:4   | Offered knowledge of Bombard by Vehumet.
 17028 | Lair:4   | Reached skill level 10 in Stealth
 17238 | Lair:4   | Reached skill level 10 in Invocations
 17238 | Lair:4   | Reached XP level 14. HP: 87/108 MP: 19/28
 17338 | Lair:4   | Learned a level 6 spell: Bombard
 17343 | Lair:4   | Learned a level 4 spell: Cause Fear
 18170 | Lair:5   | Entered Level 5 of the Lair of Beasts
 18552 | Lair:5   | Found a viscous altar of Jiyva.
 18552 | Lair:5   | Found a staircase to the Slime Pits.
 19677 | Lair:5   | Reached skill level 10 in Fire Magic
 19685 | Lair:5   | Offered knowledge of Spellforged Servitor by Vehumet.
 19796 | Lair:5   | Reached skill level 10 in Fighting
 19796 | Lair:5   | Reached skill level 10 in Short Blades
 19796 | Lair:5   | Reached skill level 10 in Long Blades
 19796 | Lair:5   | Reached skill level 10 in Axes
 19796 | Lair:5   | Reached skill level 10 in Maces & Flails
 19796 | Lair:5   | Reached skill level 10 in Polearms
 19796 | Lair:5   | Reached skill level 10 in Staves
 19796 | Lair:5   | Reached skill level 10 in Ranged Weapons
 19796 | Lair:5   | Reached skill level 10 in Throwing
 19796 | Lair:5   | Reached skill level 10 in Armour
 19796 | Lair:5   | Reached skill level 10 in Shields
 19796 | Lair:5   | Reached skill level 10 in Unarmed Combat
 19796 | Lair:5   | Reached skill level 10 in Evocations
 19983 | Lair:5   | Found a snail-covered altar of Cheibriados.
 20074 | Lair:5   | Identified 3 scrolls of acquirement
 20076 | Lair:5   | Acquired 997 gold pieces
 20078 | Lair:5   | Acquired the +2 pair of gloves of the Blind Marksman
                  | {Will++ Slay+5 Stlth-}
 20091 | Lair:5   | Acquired the +8 longbow "Newtslayer" {speed, rPois rF-
                  | Dex+7 SInv}
 20858 | D:12     | Reached XP level 15. HP: 115/115 MP: 30/30
 21536 | Orc:1    | Entered Level 1 of the Orcish Mines
 21676 | Orc:1    | Noticed Harold
 21688 | Orc:1    | Killed Harold
 21916 | Orc:1    | Noticed an orc warlord
 21933 | Orc:1    | Killed an orc warlord
 21948 | Orc:1    | Noticed an orc warlord
 21959 | Orc:1    | Killed an orc warlord
 22043 | Orc:1    | Learned a level 4 spell: Dimensional Bullseye
 22045 | Orc:1    | Identified the amulet "Myomigaz" {Spirit rElec rCorr Int+3}
 22346 | Orc:2    | Entered Level 2 of the Orcish Mines
 22364 | Orc:2    | Offered knowledge of Irradiate by Vehumet.
 22465 | Orc:2    | Found a frozen archway.
 22477 | IceCv    | Entered an ice cave
 23834 | Orc:2    | Reached ****** piety under Vehumet
 23834 | Orc:2    | Offered knowledge of Lee's Rapid Deconstruction by Vehumet.
 24063 | Orc:2    | Found a staircase to the Elven Halls.
 24150 | Orc:2    | Reached skill level 10 in Shapeshifting
 24419 | Orc:2    | Found Wehamu's Jewellery Emporium.
 24419 | Orc:2    | Found Ykycy's Distillery.
 24432 | Orc:2    | Reached XP level 16. HP: 100/124 MP: 18/32
 24492 | Orc:2    | Found Cogesch's Assorted Antiques.
 24492 | Orc:2    | Found Upnetor's Book Shop.
 24501 | Orc:2    | Bought a viscous orange potion for 27 gold pieces
 24508 | Orc:2    | Bought a potion of brilliance for 60 gold pieces
 24508 | Orc:2    | Bought a potion of mutation for 120 gold pieces
 24718 | D:11     | Paralysed by an ogre mage for 4 turns
 25300 | D:13     | Found a gate leading to a gauntlet.
 25329 | Gauntlet | Entered a Gauntlet
 25329 | Gauntlet | Found a transporter.
 25336 | Gauntlet | Found a transporter.
 25338 | Gauntlet | Found a transporter.
 25354 | Gauntlet | Found a transporter.
 25374 | Gauntlet | Found a transporter.
 25376 | Gauntlet | Found a transporter.
 25436 | Gauntlet | Found a transporter.
 25451 | Gauntlet | Found a transporter.
 25456 | Gauntlet | Found a transporter.
 25471 | Gauntlet | Found a transporter.
 25475 | Gauntlet | Found a transporter.
 25484 | Gauntlet | Found a transporter.
 25525 | Gauntlet | Found a transporter.
 25539 | Gauntlet | Found a transporter.
 25899 | Gauntlet | Identified the ring of Erhod {Slay+4 Stlth+}
 26053 | Gauntlet | Identified the amulet of Kuvuutum {Acrobat MP+9 Str+4
                  | Int+2}
 26134 | Gauntlet | Identified the +1 scale mail of Iritid {rN++ rCorr}
 26753 | D:13     | Found a gate to the Vaults.
 27765 | D:15     | Entered Level 15 of the Dungeon
 27884 | D:15     | Found a runed translucent gate.
 27890 | D:15     | Found a runed translucent gate.
 27911 | D:15     | Reached skill level 10 in Conjurations
 28045 | D:15     | Found a runed translucent gate.
 28046 | D:15     | Noticed TheRegalBeagle's ghost (journeyman DsFi)
 28362 | D:15     | Found a staircase to the Depths.
 28371 | D:15     | Offered knowledge of Starburst by Vehumet.
 28621 | D:15     | Noticed Azrael
 28639 | D:15     | Killed Azrael
 29322 | Spider:1 | Entered Level 1 of the Spider Nest
 29333 | Spider:1 | Reached XP level 17. HP: 120/133 MP: 26/33
 29458 | Spider:4 | Entered Level 4 of the Spider Nest
 29462 | Spider:4 | Reached skill level 10 in Hexes
 29462 | Spider:4 | Reached skill level 10 in Summonings
 29462 | Spider:4 | Reached skill level 10 in Necromancy
 29462 | Spider:4 | Reached skill level 10 in Translocations
 29462 | Spider:4 | Reached skill level 10 in Ice Magic
 29462 | Spider:4 | Reached skill level 10 in Air Magic
 29462 | Spider:4 | Reached skill level 10 in Earth Magic
 29462 | Spider:4 | Reached skill level 10 in Alchemy
 29665 | Spider:3 | Offered knowledge of Plasma Beam by Vehumet.
 30102 | Spider:4 | Got a milky-white gem with 1669 turns to spare
 30115 | Spider:4 | Got a gossamer rune of Zot
 30772 | Spider:3 | Noticed Mara
 30777 | Spider:3 | Noticed monsoonserge's illusion
 30802 | Spider:3 | Killed from afar by Mara (illusionary)

Illustrated notes

Levels and vault maps discovered:
D:1:      dpeg_arrival_stone_temple_mockup, layout_basic, serial_shops,
          nicolae_shop_gibbet_a_chance
D:2:      layout_loops_cross, basic_altar, chequers_ecumenical_altar_lobes
D:3:      layout_loops_ring, ebering_ghost_disaster_area, uniq_ijyb,
          uniq_natasha
D:4:      layout_gridville, mainiacjoe_overflow_24_doors,
          ebering_ghost_disaster_area, serial_shops, shop,
          nicolae_stop_n_shop_1, guppyfry_early_orc_mine
D:5:      layout_basic, minmay_temple_entry_wispy
D:6:      nicolae_cairo_tiling, layout_loops_ring,
          lemuel_mausoleum_altar_yredelemnul, okawaru_metal_pillars_3,
          serial_shops, shop, shop, nicolae_shop_tiny_glass,
          nicolae_stop_n_shop_2
D:7:      layout_basic, hellmonk_sif_muna_bookshelves,
          nicolae_overflow_crystal_walls, gammafunk_temple_overflow_forgotten
D:8:      layout_cave_pools, amcnicky_altar_gilded, minmay_three_doors
D:9:      layout_loops_ring, hellmonk_lair_entry_icy, serial_shops, shop,
          uniq_maggie
D:10:     layout_cave_pods, nicolae_wu_jian_glorious_leap, hiddenorc1_lemuel,
          uniq_snorg, uniq_lodul
D:11:     layout_loops_ring, st_stairs_1
D:12:     layout_roguey, serial_aquarium, aquarium_bridge_island_small
          [aquarium_subvault_small_water, aquarium_subvault_wall,
          aquarium_subvault_bridge, aquarium_subvault_bridge,
          aquarium_subvault_balcony], aquarium_window_fake, aquarium_window_1,
          aquarium_view_2c
D:13:     layout_irregular_city, hellmonk_vaults_keyhole, gauntlet_entry_generic
D:14:     layout_stronghold, fountainhead
D:15:     grunt_enter_depths_snipers, layout_loops_cross,
          gammafunk_ghost_spectres, uniq_azrael
Temple:   nicolae_temple_hex_pool
Lair:1:   layout_cave_pods
Lair:2:   cheibrodos_lair_river_kwai, layout_regular_city,
          mainiacjoe_shoals_entry_four_pools,
          nicolae_spider_entry_lesser_pyramids, lemuel_fruit_fields,
          infiniplex_staircase_pool_2, uniq_urug
Lair:3:   gammafunk_cloud_chamber, layout_big_grid, st_stairs_13,
          grunt_megastairs_2
Lair:4:   layout_roguey, grunt_forest_stairs_basic, grunt_forest_large_clearings
Lair:5:   minmay_lair_end_enchanted_forest, layout_loops_ring,
          dpeg_slime_entry_enclosed, kennysheep_snail_temple
Spider:1: layout_spider_delve, hellmonk_spider_spawner
Spider:2: layout_spider_delve, drop_trap, hangedman_spider_tarantella_strand
Spider:3: layout_cave_pods, uniq_mara
Spider:4: grunt_spider_rune_parallel, nicolae_spider_not_touching_you
Orc:1:    layout_caves, minmay_orc_treasury, uniq_harold
Orc:2:    grunt_orc_tribal_feast, layout_caves, portal_ice_cave_entry_pillars_1,
          basic_altar

Skill      XL: |  1  2  3  4  5  6  7  8  9 10 11 12 13 14 15 16 17 |
---------------+----------------------------------------------------+-----
Conjurations   | 2 3 4 5 6 7 8 9 10 | 10.6
Spellcasting   | 5 6 7 8 9 10 11 12 13 | 13.2
Invocations    | 1 2 3 4 5 6 7 8 10 11 12 13 | 13.3
Fighting       | 1 2 3 5 6 7 8 9 10 11 12 | 12.3
Short Blades   | 1 2 3 5 6 7 8 9 10 11 12 | 12.3
Long Blades    | 1 2 3 5 6 7 8 9 10 11 12 | 12.3
Axes           | 1 2 3 5 6 7 8 9 10 11 12 | 12.3
Maces & Flails | 1 2 3 5 6 7 8 9 10 11 12 | 12.3
Polearms       | 1 2 3 5 6 7 8 9 10 11 12 | 12.3
Staves         | 1 2 3 5 6 7 8 9 10 11 12 | 12.3
Ranged Weapons | 1 2 3 5 6 7 8 9 10 11 12 | 12.3
Throwing       | 1 2 3 5 6 7 8 9 10 11 12 | 12.3
Armour         | 1 2 3 5 6 7 8 9 10 11 12 | 12.3
Shields        | 1 2 3 5 6 7 8 9 10 11 12 | 12.3
Unarmed Combat | 1 2 3 5 6 7 8 9 10 11 12 | 12.3
Evocations     | 1 2 3 5 6 7 8 9 10 11 12 | 12.3
Shapeshifting  | 1 2 3 4 5 6 7 8 9 10 11 | 11.3
Hexes          | 1 2 3 4 5 6 7 8 9 10 | 10.4
Summonings     | 1 2 3 4 5 6 7 8 9 10 | 10.4
Necromancy     | 1 2 3 4 5 6 7 8 9 10 | 10.4
Translocations | 1 2 3 4 5 6 7 8 9 10 | 10.4
Ice Magic      | 1 2 3 4 5 6 7 8 9 10 | 10.4
Air Magic      | 1 2 3 4 5 6 7 8 9 10 | 10.4
Earth Magic    | 1 2 3 4 5 6 7 8 9 10 | 10.4
Alchemy        | 1 2 3 4 5 6 7 8 9 10 | 10.4
Dodging        | 5 6 7 8 9 10 11 12 13 | 13.1
Stealth        | 5 6 7 8 9 10 11 12 | 12.9
Fire Magic     | 6 7 8 9 10 11 | 11.7

Action                     |  1- 3 |  4- 6 |  7- 9 | 10-12 | 13-15 | 16-18 || total
---------------------------+-------+-------+-------+-------+-------+-------++-------
  Melee: Unarmed           |     1 |       |       |       |       |       ||     1
         Long sword        |     5 |     1 |       |       |       |       ||     6
         Dagger            |     3 |       |       |       |       |       ||     3
         Punch             |     1 |       |     1 |     1 |     4 |       ||     7
         Hand axe          |       |       |    20 |    37 |   115 |       ||   172
         Bite              |       |       |     3 |     4 |    17 |       ||    24
   Fire: Longbow           |       |       |       |       |   408 |   583 ||   991
  Throw: Boomerang         |       |       |     5 |     1 |     1 |       ||     7
   Cast: Foxfire           |    28 |    22 |   123 |   153 |   135 |       ||   461
         Scorch            |    17 |    47 |   134 |   114 |    71 |       ||   383
         Inner Flame       |       |     2 |     4 |     1 |    24 |    14 ||    45
         Summon Blazeheart |       |       |       |    12 |    17 |    22 ||    51
         Olgreb's Toxic Ra |       |       |       |    38 |    86 |    28 ||   152
         Iskenderun's Myst |       |       |       |    11 |     2 |       ||    13
         Arcjolt           |       |       |       |       |    59 |       ||    59
         Bombard           |       |       |       |       |    36 |       ||    36
         Cause Fear        |       |       |       |       |     4 |     5 ||     9
         Dimensional Bulls |       |       |       |       |     1 |     3 ||     4
  Evoke: Wand              |       |       |       |       |       |     2 ||     2
         Tin of tremorston |       |       |       |       |       |     2 ||     2
         Box of beasts     |       |       |       |       |       |     1 ||     1
    Use: Scroll            |       |       |       |     9 |     9 |     7 ||    25
         Potion            |       |       |       |       |       |     7 ||     7
   Stab: Sleeping          |     1 |       |       |       |       |       ||     1
         Distracted        |       |       |       |     1 |       |       ||     1
 Armour: Robe              |     7 |     8 |     5 |       |    12 |   177 ||   209
         Leather armour    |       |       |    34 |       |       |       ||    34
         Steam dragon scal |       |       |       |    15 |    21 |       ||    36
         Swamp dragon scal |       |       |       |    95 |   219 |       ||   314
  Dodge: Dodged            |     6 |     8 |    49 |    89 |   237 |   323 ||   712
         Repelled          |       |       |       |     3 |     1 |     3 ||     7
  Block: Buckler           |       |       |       |       |     8 |       ||     8
